 Dungeon Crawl Stone Soup version 0.26-a0-64-g059e62fbdb (webtiles) character file.

Game seed: 7787808080201769829

45 vurker the Ducker (level 3, 15/15 HPs)
             Began as a Felid Earth Elementalist on June 10, 2020.
             Quit the game on level 3 of the Dungeon.
             The game lasted 00:03:33 (1799 turns).

vurker the Ducker (Felid Earth Elementalist)        Turns: 1799, Time: 00:03:34

Health: 15/15      AC:  1    Str:  4    XL:     3   Next: 42%
Magic:  8/8        EV: 19    Int: 17    God:
Gold:   119        SH:  0    Dex: 16    Spells: 1/7 levels left
                                        Lives:  0   Deaths: 1

rFire    . . .     SeeInvis +   (weapon unavailable)
rCold    . . .     Gourm    .   (shield unavailable)
rNeg     . . .     Faith    .   (armour unavailable)
rPois    .         Spirit   .   (helmet unavailable)
rElec    .         Reflect  .   (cloak unavailable)
rCorr    .         Harm     .   (gloves unavailable)
MR       +....                  (boots unavailable)
Stlth    +++.......             (no amulet)
HPRegen  0.05/turn              g - ring of protection from magic
MPRegen  0.11/turn              (no ring)

@: quick
A: very small, no armour, no weapons or thrown items, stealth, claws 1, fangs 3,
see invisible, carnivore, speed 1, shaggy fur 1, slow metabolism 1, sharp paws
a: no special abilities


You were on level 3 of the Dungeon.
You were not hungry.

You visited 1 branch of the dungeon, and saw 3 of its levels.

You collected 119 gold pieces.

Inventory:

Missiles
 b - 11 stones
Jewellery
 g - a ring of protection from magic (left paw)
   (You found it on level 2 of the Dungeon)
Scrolls
 c - a scroll of remove curse {unknown}
Potions
 a - a potion of heal wounds {unknown}
 d - a potion of ambrosia {unknown}
 h - a potion of curing {unknown}
 i - a potion of flight {unknown}
Comestibles
 e - 3 rations


   Skills:
 + Level 1.1 Fighting
 + Level 3.4 Dodging
 + Level 3.4 Stealth
 * Level 2.9 Spellcasting
 + Level 0.5 Conjurations
 - Level 1.1 Transmutations
 * Level 3.3 Earth Magic


You had one spell level left.
You knew the following spells:

 Your Spells              Type           Power        Failure   Level  Hunger
a - Sandblast             Erth           ##....       4%          1    #......
b - Stone Arrow           Conj/Erth      #.....       24%         3    ###....
q - Passwall              Tmut/Erth      ##......     11%         2    ##.....

Your spell library contained the following spells:

 Spells                   Type           Power        Failure   Level  Hunger
 Petrify                  Tmut/Erth      ##......     56%         4    #####..
 Lee's Rapid Deconstruct  Erth           ##........   77%         5    ######.


Dungeon Overview and Level Annotations

Branches:
Dungeon (3/15)

Altars:

Annotations:
D:3 Ijyb


Innate Abilities, Weirdness & Mutations

You cannot wear armour.
You are incapable of wielding weapons or throwing items.
Your paws allow you to move quietly. (Stealth)
You have sharp claws.
You have razor-sharp teeth.
You have supernaturally acute eyesight. (SInv)
You are carnivorous and can eat meat at any time.
You cover ground quickly.
You are covered in fur. (AC +1)
You have a slow metabolism.
Your sharp claws are effective at attacking unaware monsters.


Message History

The blast of sand hits Ijyb but does no damage.
b - 17 stones Ijyb closely misses you.
Aim: Ijyb, wielding a +0 dagger, wearing a +0 leather armour and carrying a wand of flame (21) (unusually resistant)
The blast of sand hits Ijyb.
b - 16 stones Ijyb hits you but does no damage.
You miss Ijyb. Ijyb closely misses you.
Aim: Ijyb, wielding a +0 dagger, wearing a +0 leather armour and carrying a wand of flame (21) (lightly wounded, unusually resistant)
The blast of sand hits Ijyb.
b - 15 stones Ijyb zaps a wand.
The puff of flame hits you!
Ouch! That really hurt!
* * * LOW HITPOINT WARNING * * *
Aim: Ijyb, wielding a +0 dagger, wearing a +0 leather armour and carrying a wand of flame (20) (heavily wounded, unusually resistant)
The blast of sand hits Ijyb but does no damage.
b - 14 stones Ijyb hits you with a +0 dagger.
* * * LOW HITPOINT WARNING * * *
Unknown command.
You scratch Ijyb but do no damage. Ijyb closely misses you.
Aim: Ijyb, wielding a +0 dagger, wearing a +0 leather armour and carrying a wand of flame (20) (heavily wounded, unusually resistant)
The blast of sand misses Ijyb.
b - 13 stones Ijyb screams, "Me kill you!"
Ijyb closely misses you.
You don't have enough magic to cast that spell.
You miss Ijyb. Ijyb misses you.
You scratch Ijyb but do no damage. Your bite misses Ijyb.
Ijyb hits you but does no damage.
You don't have enough magic to cast that spell.
You scratch Ijyb but do no damage. Ijyb closely misses you.
Aim: Ijyb, wielding a +0 dagger, wearing a +0 leather armour and carrying a wand of flame (20) (heavily wounded, unusually resistant)
The blast of sand hits Ijyb.
b - 12 stones Ijyb zaps a wand.
The puff of flame misses you.
Aim: Ijyb, wielding a +0 dagger, wearing a +0 leather armour and carrying a wand of flame (19) (heavily wounded, unusually resistant)
The blast of sand hits Ijyb but does no damage.
b - 11 stones Ijyb misses you.
You scratch Ijyb.
Ijyb zaps a wand.
The puff of flame hits you!
Ouch! That really hurt!
You die...
You are now level 3!
You rejoin the land of the living...
A kobold comes into view. It is wielding a +0 short sword.

# #. #. #.#
## #####K.
..
.......##.#
#....@..#
##...####
##.# #. # #
#. .#####
....#
##.#.#


You could see a kobold (asleep).

Vanquished Creatures
  Jessica (D:2)
  2 adders (D:2)
  An ooze (D:1)
  2 worms (D:2)
  2 dart slugs
  2 leopard geckos
  2 bats
  2 giant cockroaches
  8 goblins
  3 hobgoblins
  2 jackals (D:1)
  5 kobolds
  A quokka (D:2)
  A frilled lizard (D:2)
  2 rats
36 creatures vanquished.

Notes
Turn   | Place    | Note
-------+----------+-------------------------------------------
     0 | D:1      | vurker the Felid Earth Elementalist began the quest for the
                  | Orb.
     0 | D:1      | Reached XP level 1. HP: 7/7 MP: 4/4
   167 | D:1      | Reached XP level 2. HP: 11/11 MP: 1/6
   388 | D:1      | Learned a level 2 spell: Passwall
   623 | D:2      | Reached XP level 3. HP: 15/15 MP: 4/7
   773 | D:2      | Learned a level 3 spell: Stone Arrow
  1001 | D:2      | Reached skill level 1 in Fighting
  1234 | D:2      | Noticed Jessica
  1246 | D:2      | Killed Jessica
  1246 | D:2      | Reached XP level 4. HP: 19/19 MP: 5/9
  1780 | D:3      | Noticed Ijyb
  1798 | D:3      | Killed from afar by Ijyb
  1799 | D:3      | Reached XP level 3. HP: -3/15 MP: 0/8
  1799 | D:3      | Quit the game

Illustrated notes

Levels and vault maps discovered:
D:1:      psy_arrival_dodecagon, layout_rooms
D:2:      layout_rooms, serial_co_window_serial, co_window_paths_b,
          co_window_corner_a, co_window_paths_a, co_window_paths_a,
          co_window_corner_a, co_window_corner_b, co_window_broadway_b,
          co_window_2corner, co_window_2corner, co_window_corner_cb,
          co_window_4corner_b, kennysheep_doodads, uniq_jessica
D:3:      layout_loops_corners, kiku_gazebo_garden_becter, first_ration,
          minmay_misc_feat_encased, uniq_ijyb, uniq_robin

Skill      XL: |  1  2  3 |
---------------+----------+-----
Stealth        | 3 |  3.4
Earth Magic    | 3 |  3.3
Dodging        | 3 |  3.4
Fighting       | 1 |  1.1
Spellcasting   | |  2.9
Conjurations   | |  0.5
Transmutations | |  1.1

Action                   |  1- 3 |  4- 6 || total
-------------------------+-------+-------++-------
Melee: Unarmed           |       |     6 ||     6
 Cast: Sandblast         |    47 |    18 ||    65
  Eat: Chunk             |     8 |     1 ||     9
Armor: Skin              |       |     1 ||     1
Dodge: Dodged            |     4 |     8 ||    12

Table legend:
 A = Non-vault XP
 B = Vault XP
 C = Vault XP percentage of total XP
 D = Non-vault monster count
 E = Vault monster count
 F = Vault count percentage of total count
                 A         B        C        D         E       F
            +---------+---------+-------+---------+---------+-------
      Total |     104 |      37 |  26.2 |      35 |       1 |   2.8
            +---------+---------+-------+---------+---------+-------
        D:1 |      39 |       0 |   0.0 |      16 |       0 |   0.0
        D:2 |      65 |      37 |  36.3 |      19 |       1 |   5.0
            +---------+---------+-------+---------+---------+-------
